AoeStats
← bullseyes

African Clearing

506082345Analyzed
4v4 RM · 21d ago on Sep 12, 2026· 20m 44s· 8 players
Game mode
Random Map
Map size
Large (8 player)
Population
200
Speed
Normal
Resources
Standard
Victory
Conquest
Starting age
Dark Age
Ending age
Imperial Age
RankedLock teamsTeams togetherTeam positionsShared explorationLock speedFull tech treeHidden civsTurbo modeCheats
Victory
Defeat
🇸🇬 Bengalis · Singapore
1737
+9
🇻🇳 Persians · Vietnam
1588
+15
🇨🇳 Tupi · China
1481
+19
🇻🇳 Mongols · Vietnam
1417
+21
🇹🇼 Poles · Taiwan
1586
-17
🇬🇧 Huns · United Kingdom
1585
-17
🇧🇪 Berbers · Belgium
1540
-15
🇨🇳 Armenians · China
1532
-15
TheJenonator
4:37 Loom
13:47 Feudal Age
17:33 Castle Age
海的盒子
11:56 Loom
14:09 Feudal Age
14:54 Double-Bit Axe
17:42 Castle Age
15:48 Stone Mining
19:03 Bow Saw
18:35 Horse Collar
Guilter
3:32 Loom
14:04 Feudal Age
14:34 Double-Bit Axe
19:21 Castle Age
18:53 Horse Collar
19:24 Fletching
19:43 Elite Skirmisher
20:55 Bodkin Arrow
bullseyes
12:11 Feudal Age
12:24 Loom
13:52 Town Watch
20:06 Wheelbarrow
Vegeta
6:06 Loom
13:07 Feudal Age
17:18 Castle Age
timembh
12:15 Loom
14:06 Feudal Age
18:55 Castle Age
16:46 Double-Bit Axe
17:24 Scale Barding Armor
18:52 Bloodlines
19:08 Forging
18:45 Horse Collar
20:11 Chain Barding Armor
shogun
4:17 Loom
12:35 Feudal Age
15:55 Double-Bit Axe
16:29 Forging
16:24 Scale Barding Armor
19:57 Wheelbarrow
21:59 Castle Age
Xrouma
9:12 Loom
11:38 Feudal Age
18:05 Fletching
19:32 Padded Archer Armor
20:21 Double-Bit Axe
Connection lost

Rejoining the realm…

Still unreachable

The connection could not be restored.

Session expired

The server has moved on; the page needs a fresh start.